 Dungeon Crawl Stone Soup version 0.30-a0-1163-gf69bf04e7a (webtiles) character file.

Game seed: 12780265271379393360

322212 Oswald the Acrobat (level 22, -22/152 (155) HPs)
             Began as a Kobold Gladiator on Apr 28, 2023.
             Was a High Priest of Wu Jian.
             Killed from afar by a tengu reaver (35 damage)
             ... with a bolt of fire
             ... on level 4 of the Vaults on Apr 29, 2023.
             The game lasted 02:24:39 (45840 turns).

Oswald the Acrobat (Kobold Gladiator)              Turns: 45840, Time: 02:24:40

HP:   -22/152 (155) AC: 15    Str: 17    XL:     22   Next: 50%
MP:   28/28         EV: 50    Int: 13    God:    Wu Jian [*****.]
Gold: 1475          SH: 10    Dex: 37    Spells: 19/21 levels left

rFire   . . .        l - +12 short sword of Red Wine {freeze, rN+ Will+ Str-2}
rCold   + . .        F - +0 buckler
rNeg    + . .        M - +4 troll leather armour
rPois   .            c - +0 helmet
rElec   +            T - scarf {rC+ rF+}
rCorr   .            h - +1 pair of gloves
SInv    .            J - +2 pair of boots of the Buccaneer {Fly Int+2}
Will    ++++.        K - amulet "Opoca" {Regen+ Str+7}
Stlth   ++++++++++   V - ring of Ywuram {Fly rElec rF- Will++ Dex+6}
HPRegen 2.05/turn    q - +6 ring of dexterity
MPRegen 0.21/turn

%: no passive effects
@: wereblooded (expiring), flying, studying 2 skills, lightly drained
A: small, no large weapons, nightstalker 3
}: 2/15 runes: serpentine, barnacled
a: Renounce Religion, Wall Jump, Serpent's Lash, Heavenly Storm


You were on level 4 of the Vaults.
You worshipped Wu Jian.
Wu Jian was extremely pleased with you.
You visited 6 branches of the dungeon, and saw 34 of its levels.
You also visited: Ice Cave.

You collected 3853 gold pieces.
You spent 2378 gold pieces at shops.

Inventory:

Hand Weapons
 l - the +12 short sword of Red Wine (weapon) {freeze, rN+ Will+ Str-2}
   (You bought it in a shop on level 2 of the Snake Pit)

   Str:       It affects your strength (-2).
   rN:        It protects you from negative energy.
   Will:      It increases your willpower.
Missiles
 d - 5 throwing nets
 e - 37 boomerangs
 r - 73 poisoned darts
 C - 10 curare-tipped darts
 Q - 2 silver boomerangs
 R - 4 boomerangs of dispersal
Armour
 c - a +0 helmet (worn)
 h - a +1 pair of gloves (worn)
 F - a +0 buckler (worn)
 J - the +2 pair of boots of the Buccaneer (worn) {Fly Int+2}
   (You found it on level 13 of the Dungeon)

   Int:       It affects your intelligence (+2).
   Fly:       It grants you flight.
 M - a +4 troll leather armour (worn)
 T - a scarf of resistance (worn)
Jewellery
 q - a +6 ring of dexterity (right hand)
 B - the ring of Cabrazxe {Wiz SInv}
   (You found it on level 13 of the Dungeon)

   [ring of wizardry]

   It improves your spell success rate.
   SInv:      It lets you see invisible.
 H - an amulet of reflection
 K - the amulet "Opoca" (around neck) {Regen+ Str+7}
   (You bought it in a shop on level 9 of the Dungeon)

   [amulet of regeneration]

   Str:       It affects your strength (+7).
   Regen:     It increases your rate of health regeneration.
 V - the ring of Ywuram (left hand) {Fly rElec rF- Will++ Dex+6}
   (You found it on level 5 of the Lair of Beasts)

   [ring of dexterity]

   Dex:       It affects your dexterity (+6).
   rF:        It makes you vulnerable to fire.
   rElec:     It insulates you from electricity.
   Fly:       It grants you flight.
   Will:      It greatly increases your willpower.
Wands
 b - a wand of quicksilver (24)
 G - a wand of paralysis (29)
 N - a wand of flame (39)
 P - a wand of iceblast (18)
 U - a wand of digging (4)
 W - a wand of mindburst (10)
 X - a wand of polymorph (11)
Scrolls
 a - a scroll of silence
 f - 6 scrolls of teleportation
 k - 2 scrolls of enchant armour
 o - 6 scrolls of identify
 p - 7 scrolls of fog
 t - a scroll of fear
 u - a scroll of butterflies
 v - 3 scrolls of magic mapping
 y - 5 scrolls of poison
 z - 7 scrolls of enchant weapon
 E - a scroll of brand weapon
 Z - a scroll of amnesia
Potions
 g - 7 potions of brilliance
 i - a potion of heal wounds
 j - 5 potions of haste
 n - 12 potions of curing
 s - 6 potions of ambrosia
 w - 5 potions of flight
 x - 8 potions of might
 A - 2 potions of resistance
 D - 2 potions of cancellation {unknown}
 L - 5 potions of invisibility
 S - 5 potions of mutation
Miscellaneous
 m - a phial of floods
 I - a lightning rod (4/4) (quivered)
 O - a tin of tremorstones (2/2)


   Skills:
 - Level 21.1 Fighting
 - Level 14.0 Short Blades
 - Level 2.1 Throwing
 - Level 4.0 Armour
 - Level 23.4 Dodging
 - Level 22.1 Stealth
 - Level 11.0 Shields
 + Level 6.7 Transmutations
 - Level 9.0 Invocations
 - Level 15.0 Evocations


You had 19 spell levels left.
You knew the following spells:

 Your Spells              Type           Power      Damage    Failure   Level
a - Wereblood             Tmut           17%        N/A       4%          2

Your spell library contained the following spells:

 Spells                   Type           Power      Damage    Failure   Level
 Sting                    Tmut/Pois      32%        1d4       11%         1
 Magic Dart               Conj           0%         1d3       41%         1
 Necrotise                Necr           0%         1d4       41%         1
 Blink                    Tloc           0%         N/A       54%         2
 Lesser Beckoning         Tloc           0%         N/A       54%         2
 Momentum Strike          Conj/Tloc      0%         3d8       54%         2
 Poisonous Vapours        Pois/Air       0%         N/A       54%         2
 Searing Ray              Conj           0%         2d4       54%         2
 Sublimation of Blood     Necr           0%         N/A       54%         2
 Petrify                  Tmut/Erth      8%         N/A       73%         4
 Dazzling Flash           Conj/Hex       0%         N/A       78%         3
 Gell's Gravitas          Tloc           0%         N/A       78%         3
 Inner Flame              Hex/Fire       0%         N/A       78%         3
 Teleport Other           Tloc           0%         N/A       78%         3
 Tukima's Dance           Hex            0%         N/A       78%         3
 Vampiric Draining        Necr           0%         2d6       78%         3
 Alistair's Intoxication  Tmut/Pois      5%         N/A       97%         5
 Irradiate                Conj/Tmut      4%         3d13      97%         5
 Yara's Violent Unravell  Hex/Tmut       4%         3d4       97%         5
 Animate Armour           Summ/Erth      0%         N/A       99%         4
 Animate Dead             Necr           0%         N/A       99%         4
 Flame Wave               Conj/Fire      0%         2d4       99%         4
 Fulminant Prism          Conj/Hex       0%         3d5       99%         4
 Leda's Liquefaction      Hex/Erth       0%         N/A       99%         4
 Manifold Assault         Tloc           0%         N/A       99%         4
 Olgreb's Toxic Radiance  Pois           0%         N/A       99%         4
 Sticky Flame             Conj/Fire      0%         2d3       99%         4
 Agony                    Necr           0%         N/A       100%        5
 Borgnjor's Vile Clutch   Necr/Erth      0%         N/A       100%        5
 Iskenderun's Battlesphe  Conj           0%         2d6       100%        5
 Lee's Rapid Deconstruct  Erth           0%         3d4*      100%        5
 Silence                  Hex/Air        0%         N/A       100%        5
 Death Channel            Necr           0%         N/A       100%        6
 Dispersal                Tloc           0%         N/A       100%        6
 Eringya's Noxious Bog    Tmut/Pois      4%         N/A       100%        6
 Iron Shot                Conj/Erth      0%         9d1       100%        6
 Statue Form              Tmut/Erth      5%         N/A       100%        6
 Enfeeble                 Hex            0%         N/A       100%        7
 Spellforged Servitor     Conj/Summ      0%         N/A       100%        7
 Storm Form               Tmut/Air       4%         N/A       100%        7
 Summon Hydra             Summ           0%         N/A       100%        7
 Disjunction              Tloc           0%         N/A       100%        8


Dungeon Overview and Level Annotations

Branches:
Dungeon (15/15)            Temple (0/1) D:7            Lair (5/5) D:10
 Shoals (4/4) Lair:3        Snake (4/4) Lair:2        Slime (0/5) Lair:4
    Orc (2/2) D:9             Elf (0/3) Orc:2        Vaults (4/5) D:13
 Depths (0/4) D:15          IceCv (visited)
  Crypt: Vaults:2-3

Altars:
Ashenzari
Cheibriados
Elyvilon
Kikubaaqudgha
Makhleb
Qazlal
Sif Muna
Wu Jian
Xom
Jiyva

Shops:
D:9 :(==   Orc:2 [?*(   Shoals:2 *   Snake:2 *!:   Snake:3 :   Vaults:1 =

Portals:
Trove: Vaults:2 (give +5 ice dragon scales)

Annotations:
D:5 1 runed translucent door, Darkkill's ghost, amateur MiHu
D:13 Poegoxum's ghost, journeyman DrGl
Lair:4 Sobieck's ghost, journeyman TrCA
Shoals:1 2 transporters, Maxmaps's ghost, adept DsMo


Innate Abilities, Weirdness & Mutations

You are small and have problems with some larger weapons.
You are completely attuned to the shadows.


Message History

The ironbound frostheart closely misses you.
The deep troll completely misses you.
The deep troll claws you but does no damage.
The deep troll completely misses you. The tengu reaver completely misses you.
You spin and attack the deep troll repeatedly.
You closely miss the deep troll.
The deep troll is heavily wounded.
You hit the deep troll. You freeze the deep troll.
The deep troll is heavily wounded.
You spin and attack the orc knight repeatedly.
You impale the orc knight!! You freeze the orc knight.
You feel a bit better.
You kill the orc knight!
The Council accepts your kill.
Your primal bloodlust is almost over.
A yaktaur captain comes into view.
The deep troll closely misses you. The deep troll completely misses you.
You block the deep troll's attack.
The tengu reaver hits you from afar with a +1 bardiche of distortion!
* * * LOW HITPOINT WARNING * * *
Space warps around you.
* * * LOW HITPOINT WARNING * * *
Unknown command.
You spin and attack the deep troll repeatedly.
You puncture the deep troll! You freeze the deep troll.
The deep troll is severely wounded.
You closely miss the deep troll.
The deep troll is severely wounded.
You spin and attack the ironbound frostheart.
You hit the ironbound frostheart.
You feel a bit better.
You kill the ironbound frostheart!
The Council accepts your kill.
You howl as the wereblood boils in your veins!
The yaktaur captain wields a +0 hand crossbow.
The yaktaur captain shoots a bolt.
The bolt completely misses you. The deep troll bites you!
* * * LOW HITPOINT WARNING * * *
The deep troll completely misses you. x2
The tengu reaver casts a spell at you. The bolt of fire hits you!!
You die...

.##W..# #§ #...# #.
##### #. .. #.
..##########'### #.
..#.............# #§
.'.............########☼
#....[W.......#...[..+§
#...[T@...c...#....>.##
#..).Q........'...)).##
#...........$)####))...
#..)..).).....# #.<.).
#.))..).†)....# #...).
#.............# #####+
##'########### ###....
.... ##...... .....#
##..)....


You could see a tengu reaver, a yaktaur captain, a deep troll and a phantasmal
warrior.

Vanquished Creatures
  Mlioglotl (Shoals:3)
  Rupert (D:13)
  Jorgrun (Shoals:1)
  3 liches (D:13)
  A titan (Vaults:4)
  A kraken (Shoals:1)
  Polyphemus (Shoals:3)
  Frances (Shoals:2)
  Roxanne (D:15)
  15 nagarajas
  Ilsuiw (Shoals:3)
  A draconian knight (IceCv)
  9 vault wardens
  A deep elf sorcerer (Vaults:3)
  2 frost giants
  Aizul (Snake:4)
  The ghost of Comisk the Nimble, a journeyman HuIE of the Shining One (D:13)
  4 orc warlords
  18 ironbound preservers
  4 ironbound thunderhulks
  A stone giant (Vaults:4)
  A deep elf demonologist (Vaults:3)
  2 dire elephants (Vaults:2)
  5 white draconians (IceCv)
  An ettin (Vaults:4)
  A deep elf death mage (Vaults:4)
  4 merfolk javelineers
  11 merfolk impalers
  Josephine (Shoals:1)
  A fire dragon (Lair:5)
  10 yaktaur captains
  A peacekeeper (Vaults:4)
  12 vault guards
  6 great orbs of eyes
  6 salamander tyrants
  3 hydras
  An ice dragon (Shoals:4)
  4 merfolk avatars
  3 ogre magi
  5 anacondas
  2 catoblepae
  3 death knights
  10 two-headed ogres
  3 alligator snapping turtles (Shoals:4)
  A dancing weapon (Lair:4)
  11 centaur warriors
  5 boulder beetles
  Erica (D:9)
  8 ironbound frosthearts
  2 spriggan skeletons (D:15)
  An alligator (Lair:3)
  6 merfolk aquamancers
  An orc high priest (Orc:2)
  A vampire mage (D:15)
  2 satyrs
  17 death yaks
  A tengu warrior (D:15)
  Urug (Lair:3)
  17 naga warriors
  4 shock serpents
  18 naga sharpshooters
  Sonja (D:12)
  7 skysharks
  A fire crab (shapeshifter) (Snake:2)
  7 salamander mystics
  2 skeletal warriors
  17 sea snakes
  A spark wasp zombie (D:15)
  6 naga ritualists
  37 deep trolls
  3 glowing orange brains (Vaults:2)
  A kraken simulacrum (Shoals:4)
  An orange crystal statue (IceCv)
  3 wizards (Vaults:3)
  13 orc knights
  3 bog bodies (Shoals:4)
  7 lindwurms
  2 phantasmal warriors
  20 ironbound convokers
  16 harpies
  A necromancer (D:15)
  10 mana vipers
  3 wolf spiders
  8 ugly things
  8 fauns
  5 orc sorcerers
  5 cyclopes
  10 manticores
  20 elephants
  26 salamanders
  A stone giant skeleton (D:15)
  Maurice (D:9)
  7 merfolk sirens
  9 water nymphs
  24 naga magi
  27 black mambas
  A gargoyle (D:11)
  7 guardian serpents (Snake:4)
  7 storm dragon simulacra (IceCv)
  21 vault sentinels
  A torpor snail (Lair:1)
  2 molten gargoyles (Lair:5)
  An unseen horror (shapeshifter) (D:14)
  12 cane toads
  4 rime drakes
  A kobold demonologist (D:12)
  21 yaktaurs
  12 komodo dragons
  An efreet (D:15)
  A guardian mummy (D:15)
  4 freezing wraiths
  2 tengu conjurers (D:15)
  29 merfolk
  5 trolls
  A golden dragon simulacrum (IceCv)
  2 polar bears
  7 wind drakes
  Prince Ribbit (D:8)
  7 snapping turtles
  11 dream sheep
  21 slime creatures
  2 shadows
  A vampire (D:10)
  30 yaks
  10 wyverns
  2 fire elementals (D:15)
  7 wraiths
  12 water elementals
  16 humans (D:13)
  4 vampire mosquitoes
  6 basilisks
  5 steam dragons
  2 redbacks (Orc:1)
  52 nagas
  12 wargs
  An acid dragon (D:9)
  16 water moccasins
  4 hell hounds (Lair:5)
  An ice beast (D:7)
  41 orc warriors
  4 ice dragon simulacra (IceCv)
  4 black bears
  8 ogres
  5 wolves
  3 boggarts (Vaults:3)
  2 centaurs (D:10)
  2 phantoms (D:6)
  5 kobold brigands
  10 bullfrogs
  Blork the orc (D:4)
  A gnoll sergeant (D:8)
  2 scorpions
  14 wights
  9 lindwurm simulacra (IceCv)
  25 killer bees
  6 electric eels
  8 howler monkeys
  5 lava snakes (Lair:5)
  5 hounds
  Crazy Yiuf (D:7)
  18 orc priests
  2 jellies
  Jessica (D:2)
  An iguana (D:4)
  A sleepcap (D:7)
  Ijyb (D:3)
  Terence (D:2)
  20 orc wizards
  4 hell rats
  Natasha (thrice) (D:2)
  12 gnolls
  9 adders
  A shadow imp (D:7)
  A white imp (D:8)
  An ufetubus (D:5)
  A worm (D:5)
  A dart slug (D:4)
  102 orcs
  6 endoplasms
  3 giant cockroaches
  10 hobgoblins
  4 jackals (D:2)
  35 kobolds
  6 quokkas
  8 ball pythons
  8 bats
  6 frilled lizards
  9 goblins
  7 rats
1383 creatures vanquished.

Vanquished Creatures (others)
  A dire elephant (Vaults:2)
  A two-headed ogre (D:13)
  A merfolk siren (Shoals:3)
  A water moccasin (D:6)
  An orc wizard (Orc:1)
  A hell rat (Lair:5)
  A gnoll (D:6)
  30 fungi
  111 plants
  7 tentacles
  A withered plant (D:15)
156 creatures vanquished.

Grand Total: 1539 creatures vanquished

Notes
Turn   | Place    | Note
-------+----------+-------------------------------------------
     0 | D:1      | Oswald the Kobold Gladiator began the quest for the Orb.
     0 | D:1      | Reached XP level 1. HP: 12/12 MP: 1/1
   166 | D:1      | Reached XP level 2. HP: 10/17 MP: 2/2
   330 | D:1      | You fall into a shaft and drop 1 floor!
   368 | D:2      | Noticed Jessica
   378 | D:2      | Killed Jessica
   379 | D:2      | Reached skill level 5 in Short Blades
   379 | D:2      | Reached XP level 3. HP: 6/21 MP: 3/3
   661 | D:2      | Reached XP level 4. HP: 26/26 MP: 4/4
   691 | D:2      | Noticed Terence
  1581 | D:2      | Noticed Natasha
  1585 | D:2      | Killed Natasha
  1593 | D:2      | Killed Terence
  1594 | D:2      | Reached XP level 5. HP: 24/30 MP: 5/5
  1884 | D:2      | Noticed Natasha
  1888 | D:2      | Killed Natasha
  2015 | D:2      | Noticed Natasha
  2021 | D:2      | Killed Natasha
  2046 | D:3      | Noticed Ijyb
  2050 | D:3      | Paralysed by Ijyb for 4 turns
  2064 | D:3      | Killed Ijyb
  2065 | D:3      | Reached XP level 6. HP: 30/37 MP: 6/6
  2304 | D:3      | Identified a scroll of acquirement
  2306 | D:3      | Acquired a manual of Fighting
  3259 | D:4      | Reached skill level 5 in Fighting
  3348 | D:4      | Noticed Blork the orc
  3352 | D:4      | Killed Blork the orc
  3353 | D:4      | Reached skill level 4 in Dodging
  3353 | D:4      | Reached XP level 7. HP: 46/46 MP: 7/7
  3385 | D:4      | Reached skill level 5 in Dodging
  4436 | D:5      | Entered Level 5 of the Dungeon
  4496 | D:5      | Found an ornate altar of the Wu Jian Council.
  4516 | D:5      | Became a worshipper of the Wu Jian Council
  4529 | D:5      | Reached skill level 6 in Dodging
  4542 | D:5      | Noticed a water moccasin
  4553 | D:5      | Found a shimmering blue altar of Sif Muna.
  4564 | D:5      | Found a runed translucent door.
  4564 | D:5      | Noticed Darkkill's ghost (amateur MiHu)
  4571 | D:5      | Killed a water moccasin
  4572 | D:5      | Reached skill level 7 in Dodging
  4572 | D:5      | Reached XP level 8. HP: 51/51 MP: 8/8
  4657 | D:5      | Reached skill level 8 in Dodging
  4670 | D:5      | Reached skill level 9 in Dodging
  5208 | D:6      | Reached skill level 10 in Dodging
  5378 | D:6      | Reached XP level 9. HP: 55/55 MP: 9/9
  5784 | D:6      | Reached skill level 5 in Stealth
  6048 | D:7      | Reached * piety under Wu Jian
  6405 | D:7      | Reached skill level 10 in Stealth
  6461 | D:7      | Reached XP level 10. HP: 64/64 MP: 10/10
  6507 | D:7      | Found a runed translucent door.
  6510 | D:7      | Noticed Crazy Yiuf
  6561 | D:7      | Reached ** piety under Wu Jian
  6664 | D:7      | Found a staircase to the Ecumenical Temple.
  6874 | D:7      | Killed Crazy Yiuf
  7036 | D:8      | Reached skill level 10 in Fighting
  7209 | D:8      | Got the Compilation of Fascination and Translocation
  7265 | D:8      | Noticed Prince Ribbit
  7269 | D:8      | Reached *** piety under Wu Jian
  7287 | D:8      | Killed Prince Ribbit
  8066 | D:9      | Found Hooma's Jewellery Emporium.
  8091 | D:9      | Noticed Maurice
  8099 | D:9      | Killed Maurice
  8184 | D:9      | Noticed a two-headed ogre
  8203 | D:9      | Killed a two-headed ogre
  8204 | D:9      | Reached XP level 11. HP: 36/80 MP: 11/11
  8429 | D:9      | Found a staircase to the Orcish Mines.
  8480 | D:9      | Found Ritykuha's Antique Weapon Shop.
  8560 | D:9      | Noticed Erica
  8568 | D:9      | Reached skill level 11 in Dodging
  8568 | D:9      | Killed Erica
  8680 | D:9      | Reached **** piety under Wu Jian
  8834 | D:9      | Found Towureri's Book Emporium.
  8857 | D:9      | Found Qobbua's Jewellery Shop.
  8870 | D:9      | Reached skill level 12 in Dodging
  9098 | D:10     | Entered Level 10 of the Dungeon
  9197 | D:10     | Noticed a death yak
  9228 | D:10     | Killed a death yak
  9305 | D:10     | Reached skill level 13 in Dodging
  9326 | D:10     | Noticed a death yak
  9326 | D:10     | Noticed a death yak
  9338 | D:10     | Noticed a death yak
  9340 | D:10     | Noticed a death yak
  9363 | D:10     | Killed a death yak
  9370 | D:10     | Noticed a death yak
  9598 | D:10     | Found a broken altar of Ashenzari.
  9598 | D:10     | Found a stormy altar of Qazlal.
  9739 | D:10     | Noticed a death yak
  9809 | D:10     | Killed a death yak
 10495 | D:10     | Found a staircase to the Lair.
 10512 | Lair:1   | Entered Level 1 of the Lair of Beasts
 10538 | Lair:1   | Reached skill level 14 in Dodging
 10711 | Lair:1   | Noticed a skyshark
 10714 | Lair:1   | Noticed an elephant
 10717 | Lair:1   | Killed an elephant
 10718 | Lair:1   | Reached XP level 12. HP: 86/86 MP: 12/12
 10729 | Lair:1   | Killed a skyshark
 10730 | Lair:1   | Reached skill level 15 in Dodging
 10869 | Lair:1   | Reached skill level 16 in Dodging
 11323 | Lair:2   | Reached skill level 15 in Fighting
 11823 | Lair:2   | Found a staircase to the Snake Pit.
 12349 | Lair:3   | Reached ***** piety under Wu Jian
 12370 | Lair:3   | Reached XP level 13. HP: 72/92 MP: 13/13
 12551 | Lair:3   | Reached skill level 15 in Stealth
 12577 | Lair:3   | Reached skill level 1 in Invocations
 12762 | Lair:3   | Noticed Urug
 12765 | Lair:3   | Killed Urug
 13196 | Lair:3   | Reached skill level 5 in Invocations
 13265 | Lair:3   | Noticed an eight-headed hydra
 13270 | Lair:3   | Killed an eight-headed hydra
 13575 | Lair:3   | Found a staircase to the Shoals.
 13690 | Lair:3   | Noticed a catoblepas
 13691 | Lair:3   | Killed a catoblepas
 13697 | Lair:3   | Identified the staff of death "Upryqor" {Fragile rN+ Will++
                  | Int+5}
 13760 | Lair:3   | Identified the +4 robe of the Unbearable Slorg {+Blink
                  | rElec rPois rC+ Str-3}
 14362 | Lair:4   | Noticed a six-headed hydra
 14365 | Lair:4   | Killed a six-headed hydra
 14393 | Lair:4   | Reached XP level 14. HP: 94/98 MP: 20/20
 15037 | Lair:4   | Found a staircase to the Slime Pits.
 15038 | Lair:4   | Found a viscous altar of Jiyva.
 15173 | Lair:5   | Entered Level 5 of the Lair of Beasts
 15208 | Lair:5   | Found a runed translucent door.
 15208 | Lair:5   | Found a shimmering altar of Xom.
 15208 | Lair:5   | Noticed Sobieck's ghost (journeyman TrCA)
 15208 | Lair:5   | Identified the +7 rapier of Dissatisfaction {chaos,
                  | *Corrode rF+++ rN++}
 15280 | Lair:4   | HP: 2/98 [black mamba (14)]
 16094 | Lair:5   | Reached skill level 1 in Armour
 17047 | Lair:5   | Reached skill level 1 in Evocations
 17584 | Lair:5   | Reached ****** piety under Wu Jian
 17673 | Lair:5   | Found a large runed translucent door.
 17674 | Lair:5   | Found a large runed translucent door.
 18224 | Lair:5   | Reached skill level 5 in Evocations
 18373 | D:9      | Bought the amulet "Opoca" {Regen+ Str+7} for 568 gold
                  | pieces
 18416 | Orc:1    | Entered Level 1 of the Orcish Mines
 18432 | Orc:1    | Reached XP level 15. HP: 103/103 MP: 21/21
 18751 | Orc:2    | Entered Level 2 of the Orcish Mines
 18803 | Orc:2    | Noticed an orc warlord
 19038 | Orc:2    | Found a staircase to the Elven Halls.
 19177 | Orc:2    | Paralysed by an orc sorcerer for 4 turns
 19431 | Orc:1    | Killed an orc warlord
 19741 | Orc:2    | Noticed an orc warlord
 20158 | Orc:2    | HP: 3/103 [orc knight/+2 battleaxe (36)]
 20205 | Orc:2    | Reached skill level 17 in Dodging
 20450 | Orc:2    | Killed an orc warlord
 20505 | Orc:2    | Found Cakh's Magic Scroll Shoppe.
 20515 | Orc:2    | Found Vyuhamer's Armour Shop.
 20564 | Orc:2    | Noticed an orc warlord
 20590 | Orc:2    | Killed an orc warlord
 20782 | Orc:2    | Found Ziry's Antique Weapon Shoppe.
 20792 | Orc:2    | Found Sap Doe's General Store.
 20797 | Orc:2    | Bought a scroll of blinking for 90 gold pieces
 20797 | Orc:2    | Bought a +0 sling for 18 gold pieces
 21013 | Orc:2    | Bought a scroll of identify for 30 gold pieces
 21013 | Orc:2    | Bought 2 scrolls of identify for 60 gold pieces
 21013 | Orc:2    | Bought a scroll of identify for 30 gold pieces
 21013 | Orc:2    | Bought a scroll of identify for 30 gold pieces
 21013 | Orc:2    | Bought a scroll of identify for 30 gold pieces
 21013 | Orc:2    | Bought a scroll of fear for 60 gold pieces
 21013 | Orc:2    | Bought a scroll of enchant weapon for 112 gold pieces
 21327 | Orc:1    | Reached skill level 18 in Dodging
 22730 | D:12     | Noticed Sonja
 22804 | D:12     | Killed Sonja
 23563 | Lair:4   | HP: 2/99 [+7 rapier of Dissatisfaction {chaos, *Corrode
                  | rF+++ rN++} (18)]
 23789 | Lair:4   | HP: 1/99 [+7 rapier of Dissatisfaction {chaos, *Corrode
                  | rF+++ rN++} (12)]
 23882 | Lair:5   | Identified the ring of Ywuram {Fly rElec rF- Will++ Dex+6}
 24277 | Snake:1  | Entered Level 1 of the Snake Pit
 24428 | Snake:1  | Reached XP level 16. HP: 108/108 MP: 22/22
 24499 | Snake:1  | Reached skill level 10 in Short Blades
 25288 | Snake:1  | Found a burning altar of Makhleb.
 26235 | Snake:2  | Found Koywuqe's Book Emporium.
 26235 | Snake:2  | Found Veuc's Distillery.
 26237 | Snake:2  | Found Xozop's General Store.
 26349 | Snake:2  | You fall into a shaft and drop 1 floor!
 26356 | Snake:3  | Noticed a nagaraja
 26359 | Snake:3  | Killed a nagaraja
 26411 | Snake:2  | Reached skill level 10 in Evocations
 27116 | Snake:3  | Reached XP level 17. HP: 113/113 MP: 23/23
 27617 | Snake:3  | Found Avvaatt's Tiny Tomes.
 28428 | Snake:4  | Entered Level 4 of the Snake Pit
 28429 | Snake:4  | Noticed Aizul
 28434 | Snake:4  | Killed Aizul
 28528 | Snake:2  | Bought the +12 short sword of Red Wine {freeze, rN+ Will+
                  | Str-2} for 1014 gold pieces
 28704 | Snake:4  | Reached skill level 15 in Evocations
 29481 | Snake:4  | Reached XP level 18. HP: 122/122 MP: 24/24
 30076 | Snake:4  | Got a serpentine rune of Zot
 30326 | Snake:4  | Identified the +0 plate armour of Restlessness {+Blink rN+}
 30728 | Shoals:1 | Entered Level 1 of the Shoals
 30781 | Shoals:1 | Noticed Josephine
 30991 | Shoals:1 | Killed Josephine
 31413 | Shoals:1 | Noticed Jorgrun
 31428 | Shoals:1 | Killed Jorgrun
 31462 | Shoals:1 | Noticed a kraken
 31496 | Shoals:1 | Killed a kraken
 31669 | Shoals:1 | Noticed Maxmaps's ghost (adept DsMo)
 31673 | Shoals:1 | Found a transporter.
 31678 | Shoals:1 | Found a transporter.
 32239 | Shoals:2 | Noticed Frances
 32239 | Shoals:2 | Found Dinticat's General Store.
 32250 | Shoals:2 | Reached skill level 19 in Dodging
 32266 | Shoals:2 | Killed Frances
 32392 | Shoals:2 | Identified the +8 hand axe of Circularity {antimagic,
                  | +Blink Str+2 Int+2}
 33117 | Shoals:2 | Reached skill level 20 in Dodging
 33118 | Shoals:2 | Reached XP level 19. HP: 120/130 MP: 25/25
 33772 | Shoals:3 | Noticed Ilsuiw
 34021 | Shoals:3 | Killed Ilsuiw
 34084 | Shoals:3 | Noticed Polyphemus
 34123 | Shoals:3 | Killed Polyphemus
 34469 | Shoals:3 | Noticed Mlioglotl
 34479 | Shoals:3 | Killed Mlioglotl
 34480 | Shoals:3 | Reached skill level 21 in Dodging
 34893 | Shoals:4 | Entered Level 4 of the Shoals
 34905 | Shoals:4 | Found a frozen archway.
 34937 | IceCv    | Entered an ice cave
 35182 | IceCv    | Found the amulet of the Air {Inacc Air Fly rElec RMsl}
 35294 | IceCv    | Identified the ring "Jaihig" {rN+ Will+}
 35844 | Shoals:4 | Reached skill level 22 in Dodging
 36112 | Shoals:4 | HP: 6/130 [poisoned by a sea snake]
 36117 | Shoals:4 | HP: 6/130 [poisoned by a sea snake]
 36290 | Shoals:4 | Found the crystal ball of Wucad Mu {*channel}
 36521 | Shoals:4 | Got a barnacled rune of Zot
 36766 | Shoals:4 | Reached skill level 23 in Dodging
 37225 | Shoals:4 | Reached XP level 20. HP: 136/136 MP: 26/26
 37802 | D:13     | Noticed Rupert
 37802 | D:13     | Found a gate to the Vaults.
 37824 | D:13     | Killed Rupert
 37825 | D:13     | Reached skill level 1 in Shields
 37913 | D:13     | Found a runed translucent gate.
 37914 | D:13     | Found a runed translucent gate.
 37915 | D:13     | Found a runed translucent gate.
 37922 | D:13     | Found an ancient bone altar of Kikubaaqudgha.
 38498 | D:13     | Noticed Poegoxum's ghost (journeyman DrGl)
 38499 | D:13     | Noticed Comisk's ghost (journeyman HuIE)
 38719 | D:13     | Killed Comisk's ghost
 38800 | D:13     | Identified the ring of Cabrazxe {Wiz SInv}
 38812 | D:13     | Identified the +2 pair of boots of the Buccaneer {Fly
                  | Int+2}
 38998 | D:14     | Found a white marble altar of Elyvilon.
 39010 | D:14     | Found a snail-covered altar of Cheibriados.
 39047 | D:14     | Reached skill level 5 in Shields
 39925 | D:15     | Entered Level 15 of the Dungeon
 40131 | D:15     | Identified Roxanne's Codex of Breccia
 40131 | D:15     | Noticed Roxanne
 40142 | D:15     | Killed Roxanne
 40446 | D:15     | Found a staircase to the Depths.
 40505 | D:15     | Found a gate leading to a gauntlet.
 40900 | Vaults:1 | Entered Level 1 of the Vaults
 40954 | Vaults:1 | Found Gicauca's Jewellery Shoppe.
 41925 | Vaults:1 | Reached XP level 21. HP: 141/141 MP: 27/27
 42410 | Vaults:2 | Reached skill level 10 in Shields
 43471 | Vaults:2 | Found a portal to a secret trove of treasure.
 44739 | Vaults:3 | Reached XP level 22. HP: 128/153 MP: 28/28
 45112 | Snake:2  | Bought a book of Blood for 336 gold pieces
 45115 | Snake:2  | Learned a level 2 spell: Wereblood
 45391 | Vaults:4 | Reached skill level 1 in Transmutations
 45537 | Vaults:4 | HP: 5/155 [vault warden/+0 war axe (14)]
 45749 | Vaults:4 | Reached skill level 5 in Transmutations
 45803 | Vaults:4 | HP: 3/155 [orc knight/+0 vampiric glaive (37)]
 45840 | Vaults:4 | Killed from afar by a tengu reaver

Illustrated notes

Levels and vault maps discovered:
D:1:      minmay_arrival_split_and_join, layout_basic, serial_forest,
          infiniplex_forest_split, infiniplex_forest_end_3,
          infiniplex_forest_end_1, infiniplex_forest_clump_curved,
          serial_bayou_pond_d, minmay_fountain_box, minmay_statues_item,
          minmay_strange_pillars
D:2:      layout_loops_ring, uniq_natasha, uniq_terence, uniq_jessica
D:3:      layout_basic, uniq_ijyb
D:4:      layout_basic, lemuel_flame_loot_1, uniq_blork_the_orc
D:5:      layout_cave_pools, mainiacjoe_overflow_catch_the_wave,
          hellmonk_ghost_happy_afterlife, minmay_diced_spiral
D:6:      layout_basic
D:7:      layout_basic, minmay_temple_entry_poolview, uniq_crazy_yiuf_cottage
D:8:      layout_basic, uniq_prince_ribbit1
D:9:      layout_cave_pools, erik_orc_3, serial_shops, shop,
          nicolae_diamond_shop, nicolae_shop_advertising_works
          [nicolae_subvault_shop_adworks], shop, uniq_erica, uniq_maurice
D:10:     layout_grid_maze, nicolae_overflow_two_pavilions, dpeg_lair_monsters
D:11:     layout_roguey
D:12:     layout_rooms, uniq_sonja
D:13:     layout_big_octagon, david_vaults_3, gammafunk_ghost_crypt,
          serial_column_ruins, column_ruins_columns_straight,
          column_ruins_open_small, column_ruins_open_small_water, minivault_27,
          skrybe_limestone_x
D:14:     layout_loops_corners, elyvilon_altar_5, cheibriados_altar_1
D:15:     gammafunk_depths_entry_grave, layout_gridville,
          gauntlet_entry_generic, grunt_decor_junction, st_stairs_6,
          uniq_roxanne
Lair:1:   layout_roguey, hangedman_lair_generics_rect, grunt_megastairs_5
Lair:2:   layout_loops_ring, guppyfry_snake_entry_garden
Lair:3:   nzn_winding_woodlands_large [nzn_winding_woodlands_5x5_default,
          nzn_winding_woodlands_5x15_pockets,
          nzn_winding_woodlands_5x5_checkerboard,
          nzn_winding_woodlands_center_diamonds,
          nzn_winding_woodlands_15x15_boxy_spiral,
          nzn_winding_woodlands_center_lodge, nzn_winding_woodlands_5x5_cross,
          nzn_winding_woodlands_5x15_pool,
          nzn_winding_woodlands_5x5_closed_star], layout_concentric_octagons,
          minmay_shoals_entry_lonely_mermaid, nicolae_quartered_pool_medium,
          uniq_urug
Lair:4:   layout_loops_ring, slime_entry_1, grunt_megastairs_4
Lair:5:   cheibrodos_lair_end_hotspot, layout_loops_ring, ebering_ghost_xom,
          st_stairs_3, minivault_25
Shoals:1: layout_shoals, gammafunk_ghost_arena, uniq_jorgrun, uniq_josephine
Shoals:2: layout_shoals, nicolae_stop_n_shop_1, nicolae_shoals_lost_giant_baths,
          uniq_frances
Shoals:3: layout_shoals, uniq_ilsuiw, uniq_mlioglotl, uniq_polyphemus
Shoals:4: shoals_end_grunt_ice, layout_shoals, portal_ice_cave_entry_dragon,
          nicolae_shoals_secluded_bog
Snake:1:  layout_layer_cave, basic_altar
Snake:2:  layout_misc_corridors, minmay_shop_star, serial_bayou_shore_a
Snake:3:  layout_layer_cave, nicolae_shop_i_like_small_books_too
Snake:4:  grunt_snake_rune_spirals, layout_onion_interference, uniq_aizul
Orc:1:    nicolae_orc_accident_3, layout_caves
Orc:2:    st_orc_town, layout_caves
Vaults:1: nicolae_vaults_closet_pinwheel_3, v_pattern_5,
          ontoclasm_vaults_ring_small, vaults_dpeg_cross,
          layout_vaults_omnigrid, serial_shops, nicolae_shop_gaudy_bauble
Vaults:2: nicolae_vaults_more_shelving_2, vaults_standard_mumra_x,
          nicolae_vaults_network_periphery, nicolae_vaults_steering_wheel,
          nicolae_vaults_tetromino_T_2, vaults_dpeg_ring,
          nicolae_vaults_little_squares_2, v_misc_24,
          nicolae_vaults_offset_grid_hallway_3, layout_vaults_big_room,
          enter_trove_5
Vaults:3: blue_anna_dwarven_crypt, ontoclasm_vaults_chip,
          hangedman_vaults_slither, vaults_room_grunt_arrival_ludios,
          door_vault, nicolae_vaults_variable_pillar_hall_cross, v_misc_9,
          nicolae_vaults_little_squares_1, nicolae_vaults_apartment_1,
          nicolae_vaults_hexular_roomagon, v_pattern_1, nicolae_vaults_six-pack,
          nicolae_vaults_trapezoid_lopsided_2, layout_vaults_big_cross
Vaults:4: dpeg_vaults_pockets_of_resistance, v_rooms_5, nicolae_vaults_swerve,
          nicolae_vaults_double_plus_1, grunt_vaults_hallway_long, v_misc_12,
          nicolae_vaults_tetromino_L_2, ontoclasm_vaults_idyll,
          nicolae_vaults_tetromino_Z_2, nicolae_vaults_stairing_the_circle,
          nicolae_vaults_circle_grid_a, nicolae_vaults_network_star,
          nicolae_vaults_big_ls, vaults_room_pools,
          ontoclasm_vaults_loading_screen, dpeg_vaults_monster_row,
          layout_vaults_omnibox, uniq_jory

Skill      XL: |  1  2  3  4  5  6  7  8  9 10 11 12 13 14 15 16 17 18 19 20 21 22 |
---------------+-------------------------------------------------------------------+-----
Short Blades   | 5 6 7 8 9 14 | 14.0
Fighting       | 3 6 7 14 15 16 18 20 21 | 21.1
Dodging        | 4 7 10 14 16 18 20 23 | 23.4
Stealth        | 10 14 16 20 22 | 22.1
Invocations    | 9 |  9.0
Armour         | 4 |  4.0
Evocations     | 5 8 11 15 | 15.0
Shields        | 9 11 | 11.0
Transmutations | 6 |  6.7
Throwing       | |  2.1

Action                     |  1- 3 |  4- 6 |  7- 9 | 10-12 | 13-15 | 16-18 | 19-21 | 22-24 || total
---------------------------+-------+-------+-------+-------+-------+-------+-------+-------++-------
  Melee: Rapier            |    57 |     4 |       |       |    38 |   547 |       |       ||   646
         Dagger            |       |   145 |   212 |   681 |  2045 |       |       |       ||  3083
         Punch             |       |       |     2 |    15 |    28 |    34 |    16 |       ||    95
         Short sword       |       |       |       |       |       |   928 |  2372 |   552 ||  3852
  Throw: Dart              |       |       |       |    17 |       |       |       |       ||    17
         Boomerang         |       |       |       |     3 |       |       |       |       ||     3
         Throwing net      |       |       |       |     2 |       |       |       |       ||     2
   Cast: Wereblood         |       |       |       |       |       |       |       |     4 ||     4
 Invoke: Heavenly Storm    |       |       |       |       |       |     1 |     5 |     1 ||     7
         Serpent's Lash    |       |       |       |       |       |       |     1 |       ||     1
Ability: Lunge             |       |       |    21 |    59 |   101 |   114 |   131 |    22 ||   448
         Whirlwind         |       |       |     3 |   141 |   418 |   273 |   459 |   199 ||  1493
         Wall Jump         |       |       |       |       |       |       |    56 |     3 ||    59
  Evoke: Wand              |       |       |       |       |     5 |       |       |       ||     5
         Lightning rod     |       |       |       |       |       |       |     2 |       ||     2
    Use: Scroll            |       |     5 |     2 |     3 |    19 |    15 |     7 |     1 ||    52
         Potion            |       |       |       |     1 |     6 |     5 |     1 |     5 ||    18
   Stab: Sleeping          |     4 |    15 |    15 |    45 |    68 |    78 |    97 |     7 ||   329
         Distracted        |       |     2 |     1 |     7 |    11 |    22 |    20 |     2 ||    65
         Confused          |       |       |       |       |       |     4 |       |       ||     4
 Armour: Leather armour    |    15 |     9 |     6 |    60 |     8 |       |       |       ||    98
         Ring mail         |       |    23 |    26 |       |     1 |       |       |       ||    50
         Robe              |       |       |       |       |   115 |    37 |     7 |       ||   159
         Troll leather arm |       |       |       |       |       |    31 |   105 |    21 ||   157
  Dodge: Dodged            |    49 |    86 |   135 |   447 |  1543 |  1290 |  1826 |   352 ||  5728
  Block: Other             |       |       |     6 |    94 |    91 |    83 |    48 |       ||   322
         Reflection        |       |       |       |     5 |     2 |     5 |    15 |       ||    27
         Kite shield       |       |       |       |       |       |       |   228 |       ||   228
         Buckler           |       |       |       |       |       |       |   491 |   154 ||   645

Table legend: (Time is in decaauts)
 A = Elapsed time spent in this place.
 B = Non-inter-level travel time spent in this place.
 C = Inter-level travel time spent in this place.
 D = Time resting spent in this place.
 E = Time spent auto-exploring this place.
 F = Levels seen in this place.
 G = Mean time per level.
                   A        B        C        D        E       F      G
               +--------+--------+--------+--------+--------+-----+--------+
         Total |  44325 |  40517 |   3808 |   4236 |  26394 |  35 | 1266.4 |
       Dungeon |  15357 |  14205 |   1152 |    717 |  10624 |  15 | 1023.8 |
          Lair |   8971 |   7594 |   1377 |   1627 |   4297 |   5 | 1794.2 |
        Shoals |   5550 |   5420 |    130 |    346 |   3769 |   4 | 1387.5 |
     Snake Pit |   6273 |   5558 |    715 |    376 |   3719 |   4 | 1568.2 |
  Orcish Mines |   3039 |   2800 |    239 |    525 |   1128 |   2 | 1519.5 |
        Vaults |   4390 |   4196 |    194 |    395 |   2629 |   4 | 1097.5 |
      Ice Cave |    742 |    742 |      0 |    249 |    226 |   1 |  742.0 |
               +--------+--------+--------+--------+--------+-----+--------+

Top non-repeatable levels by time:
  Lair:4: 2603 daAuts
  Lair:3: 2119 daAuts
  Lair:5: 2067 daAuts
   Orc:2: 2066 daAuts
    D:10: 1717 daAuts
 Snake:4: 1699 daAuts
 Snake:1: 1684 daAuts
Shoals:4: 1661 daAuts
 Snake:3: 1520 daAuts
Vaults:2: 1444 daAuts
     D:4: 1399 daAuts
Shoals:2: 1382 daAuts
Shoals:1: 1382 daAuts
 Snake:2: 1369 daAuts
Vaults:1: 1363 daAuts
